 Seeded DCSS version 0.30.1-9-gdf580d7c3d (webtiles) character file.

Game seed: 2394977854812512649 (custom seed)

1509 Psyclone the Destroyer (level 8, -3/41 HPs)
             Began as a Deep Elf Conjurer on Oct 11, 2023.
             Shot with an arrow by a centaur (13 damage)
             ... on level 6 of the Dungeon.
             The game lasted 00:22:23 (7111 turns).

Psyclone the Destroyer (Deep Elf Conjurer)          Turns: 7111, Time: 00:22:23

Health: -3/41      AC:  7    Str:  4    XL:     8   Next: 53%
Magic:  14/14      EV: 12    Int: 24    God:
Gold:   1157       SH:  0    Dex: 13    Spells: 10/13 levels left

rFire   . . .        c - +4 quick blade (venom)
rCold   . . .        (no shield)
rNeg    . . .        a - +0 robe
rPois   .            (helmet restricted)
rElec   .            p - +0 cloak
rCorr   .            (no gloves)
SInv    .            (no boots)
Will    .....        (no amulet)
Stlth   ++           h - +4 ring of protection
HPRegen 0.26/turn    (no ring)
MPRegen 0.14/turn

%: no passive effects
@: no status effects
A: horns 1, dopey 1, MP-powered wands
a: no special abilities


You were on level 6 of the Dungeon.
You visited 2 branches of the dungeon, and saw 7 of its levels.

You collected 1157 gold pieces.

Inventory:

Hand Weapons
 c - a +4 quick blade of venom (weapon)
Armour
 a - a +0 robe (worn)
 p - a +0 cloak (worn)
Jewellery
 h - a +4 ring of protection (left hand)
 l - a ring of poison resistance
Wands
 q - a wand of flame (7)
Scrolls
 g - 8 scrolls of teleportation
 j - 4 scrolls of identify {@r1}
 m - a scroll of magic mapping
 r - a scroll of enchant armour {unknown}
Potions
 b - a potion of magic
 d - a potion of berserk rage
 e - a potion of degeneration
 f - a potion of mutation
 i - a potion of attraction
 k - a potion of resistance
 n - 3 potions of curing
 o - 2 potions of heal wounds


   Skills:
 - Level 2.4 Dodging
 - Level 2.4 Stealth
 - Level 3.0 Spellcasting
 + Level 12.4 Conjurations


You had 10 spell levels left.
You knew the following spells:

 Your Spells              Type           Power      Damage    Failure   Level
a - Magic Dart            Conj           100%       1d8       1%          1
b - Searing Ray           Conj           100%       2d8       1%          2

Your spell library contained the following spells:

 Spells                   Type           Power      Damage    Failure   Level
 Dazzling Flash           Conj/Hex       66%        N/A       2%          3
 Mephitic Cloud           Conj/Pois/Air  23%        N/A       6%          3
 Fulminant Prism          Conj/Hex       16%        3d10      9%          4
 Iskenderun's Mystic Bla  Conj/Tloc      33%        2d8       9%          4
 Poisonous Vapours        Pois/Air       6%         N/A       16%         2
 Frozen Ramparts          Ice            6%         1d1       32%         3
 Portal Projectile        Hex/Tloc       6%         N/A       32%         3
 Tukima's Dance           Hex            3%         N/A       32%         3
 Freezing Cloud           Conj/Ice/Air   11%        6-21      50%         5
 Ice Form                 Ice/Tmut       3%         N/A       71%         4
 Summon Ice Beast         Ice/Summ       3%         N/A       71%         4
 Blade Hands              Tmut           1%         N/A       96%         5


Dungeon Overview and Level Annotations

Branches:
Dungeon (6/15) Zot: 26461  Temple (1/1) D:5 Zot: 5838

Altars:
Ashenzari
Cheibriados
Dithmenos
Elyvilon
Fedhas
Gozag
Hepliaklqana
Kikubaaqudgha
Nemelex Xobeh
Sif Muna
Trog
Uskayaw
Vehumet
Wu Jian
Xom
Zin
The Shining One

Shops:
D:2 !

Annotations:
D:6 2 transporters


Innate Abilities, Weirdness & Mutations

You have a pair of small horns on your head.
You are dopey. (Int -2)
You expend magic power (3 MP) to strengthen your wands.


Message History

The arrow barely misses you.
You take 9 damage, and have 23/41 hp.
MASSIVE DAMAGE!!
You hit the bush.
You headbutt the bush, but do no damage.
The bush is severely damaged.
The centaur unwields a +0 shortbow.
The centaur hits the bush but does no damage.
The centaur kicks the bush but does no damage.
You hit the bush but do no damage.
The bush is poisoned.
The bush is severely damaged.
The centaur hits the bush but does no damage.
The centaur kicks the bush but does no damage.
You hit the bush.
The bush looks as sick as possible!
You headbutt the bush, but do no damage.
The bush is severely damaged.
The centaur wields a +0 shortbow.
The centaur shoots an arrow.
The arrow misses you.
You hit the bush.
You headbutt the bush, but do no damage.
The bush is severely damaged.
You hit the bush but do no damage.
The bush looks as sick as possible!
The bush is severely damaged.
The centaur shoots an arrow.
The arrow hits you.
You take 5 damage, and have 19/41 hp.
You hit the bush but do no damage.
The bush is almost destroyed.
The centaur shoots an arrow.
The arrow hits you!
* * * LOW HITPOINT WARNING * * *
You take 8 damage, and have 11/41 hp.
The centaur shoots an arrow.
The arrow completely misses you.
The centaur shoots an arrow.
The arrow hits you.
* * * LOW HITPOINT WARNING * * *
You take 1 damage, and have 10/41 hp.
The centaur unwields a +0 shortbow.
The centaur hits the bush but does no damage.
The centaur kicks the bush but does no damage.
The centaur wields a +0 shortbow.
The centaur shoots an arrow.
The arrow hits you but does no damage.
The centaur shoots an arrow.
The arrow hits you!
You die...

######.######...##
#......# ≈§≈#..###
#......#≈§§≈#.## #
###......#§.8≈#.####
#........'≈≈≈≈#.....
#........######.#.#.
#.............$...##
#...######....#####
#..@## #....# #....#
#....# #....# #....#
##...# #....######
##P## #.........#
#c# #.........# #.#
#.......... #.#
####......# ≈.≈
#......#


You could see a centaur.

Vanquished Creatures
  Sigmund (D:2)
  An ice beast (D:4)
  A black bear (D:5)
  An ogre (D:5)
  2 phantoms
  A bullfrog (D:6)
  2 scorpions
  2 jellies
  2 howler monkeys (D:6)
  5 hounds
  Crazy Yiuf (D:5)
  3 sleepcaps
  2 iguanas
  4 orc wizards (D:4)
  3 gnolls (D:5)
  3 adders
  An ufetubus (D:6)
  3 worms (D:2)
  4 dart slugs
  16 orcs
  8 ball pythons
  6 endoplasms
  3 giant cockroaches
  14 goblins
  7 hobgoblins
  4 jackals (D:5)
  3 quokkas
  6 bats
  4 frilled lizards
  5 kobolds
  7 rats
125 creatures vanquished.

Notes
Turn   | Place    | Note
-------+----------+-------------------------------------------
     0 | D:1      | Psyclone the Deep Elf Conjurer began the quest for the Orb.
     0 | D:1      | Reached XP level 1. HP: 10/10 MP: 6/6
   187 | D:1      | Reached XP level 2. HP: 15/15 MP: 6/8
   311 | D:1      | Reached skill level 5 in Conjurations
   791 | D:1      | Reached XP level 3. HP: 19/19 MP: 7/9
  1128 | D:1      | Identified 2 scrolls of acquirement
  1128 | D:1      | Acquired 881 gold pieces
  1129 | D:1      | Acquired a +3 quick blade of venom
  1187 | D:2      | Learned a level 2 spell: Searing Ray
  1294 | D:2      | Found Utwiat's Distillery.
  1758 | D:2      | Noticed Sigmund
  1763 | D:2      | Killed Sigmund
  1764 | D:2      | Reached skill level 7 in Conjurations
  1764 | D:2      | Reached XP level 4. HP: 15/24 MP: 2/10
  1764 | D:2      | Reached XP level 5. HP: 18/28 MP: 2/11
  2769 | D:3      | Found a snail-covered altar of Cheibriados.
  3511 | D:4      | Noticed an ice beast
  3528 | D:4      | Killed an ice beast
  3529 | D:4      | Reached skill level 8 in Conjurations
  3529 | D:4      | Reached XP level 6. HP: 19/32 MP: 2/12
  4019 | D:4      | Reached skill level 9 in Conjurations
  4135 | D:4      | Found a hazy altar of Hepliaklqana.
  4277 | D:4      | Gained mutation: You have a pair of small horns on your
                  | head. [potion of mutation]
  4277 | D:4      | Gained mutation: You expend magic power (3 MP) to
                  | strengthen your wands. [potion of mutation]
  4277 | D:4      | Gained mutation: You are dopey. (Int -2) [potion of
                  | mutation]
  4416 | D:5      | Entered Level 5 of the Dungeon
  4529 | D:5      | Found a staircase to the Ecumenical Temple.
  4543 | Temple   | Entered the Ecumenical Temple
  4733 | D:5      | Reached XP level 7. HP: 30/36 MP: 5/13
  4914 | D:5      | Found a glowing silver altar of Zin.
  5147 | D:5      | Reached skill level 10 in Conjurations
  5350 | D:5      | Found a runed translucent door.
  5351 | D:5      | Noticed Crazy Yiuf
  5510 | D:5      | Reached skill level 11 in Conjurations
  5510 | D:5      | Reached XP level 8. HP: 36/41 MP: 9/14
  5953 | D:5      | Killed Crazy Yiuf
  6714 | D:6      | Found a shimmering blue altar of Sif Muna.
  6716 | D:6      | Found a white marble altar of Elyvilon.
  6716 | D:6      | Found a sparkling altar of Nemelex Xobeh.
  6718 | D:6      | Found a transporter.
  6726 | D:6      | Found a transporter.
  6840 | D:6      | Reached skill level 12 in Conjurations
  7093 | D:6      | Found a bloodstained altar of Trog.
  7111 | D:6      | Shot with an arrow by a centaur

Illustrated notes

Levels and vault maps discovered:
D:1:      saegor_arrival_simple_c, layout_rooms
D:2:      layout_basic, serial_shops, shop, uniq_sigmund
D:3:      layout_basic, marbit_many_paths, serial_curves, eino_curves_01,
          eino_curves_03
D:4:      layout_cave_pools, kennysheep_mini_moat, dk_noncrumbling_3
D:5:      layout_gridville, mainiacjoe_overflow_alcove_1,
          minmay_temple_entry_grid, grunt_decor_arrowhead,
          uniq_crazy_yiuf_cottage
D:6:      layout_basic, general_overflow_altar, gammafunk_temple_overflow_arena,
          gammafunk_temple_overflow_wave, kb_lookout_dungeons_type,
          minmay_increasing_density
Temple:   hellmonk_temple_flake

Skill      XL: |  1  2  3  4  5  6  7  8 |
---------------+-------------------------+-----
Conjurations   | 5 7 8 9 11 12 | 12.4
Dodging        | |  2.4
Stealth        | |  2.4
Spellcasting   | |  3.0

Action                     |  1- 3 |  4- 6 |  7- 9 || total
---------------------------+-------+-------+-------++-------
  Melee: Quick blade       |     6 |    82 |   103 ||   191
         Punch             |       |     1 |     1 ||     2
         Headbutt          |       |       |    26 ||    26
   Cast: Magic Dart        |    75 |    25 |    38 ||   138
         Searing Ray       |     2 |    11 |    11 ||    24
    Use: Potion            |     4 |     5 |       ||     9
         Scroll            |     3 |     8 |     1 ||    12
   Stab: Sleeping          |       |     5 |     1 ||     6
         Distracted        |       |       |     1 ||     1
 Armour: Robe              |     3 |    10 |    28 ||    41
  Dodge: Dodged            |     2 |    42 |    63 ||   107
